[ PARTIDA AOE2 · #477337989 ]
UnrankedRomanos vs Mongols
[ ANÁLISIS DE REPETICIÓN · EXTRAÍDO DE LA PARTIDA GRABADA ]
Feudal
—
Castillos
7:39
Imperial
23:21
| APM promedio | 11.1 |
| APM pico | 50 |
| eAPM promedio | 8.6 |
| Aldeanos / militares | 82 / 212 |
Foco
⚔️ 38.4% · 🌾 61.6%
Centurion ×79 · Spearman ×62 · Scout Cavalry ×43 · Skirmisher ×20 · Trade Cart ×20 · Militia ×5
Feudal
—
Castillos
5:11
Imperial
16:15
| APM promedio | 13.1 |
| APM pico | 25 |
| eAPM promedio | 11.1 |
| Aldeanos / militares | 95 / 343 |
Foco
⚔️ 41.0% · 🌾 59.0%
Ballista Elephant ×145 · Scout Cavalry ×103 · Spearman ×55 · Knight ×37 · Trade Cart ×24 · Trebuchet (Packed) ×3
Feudal
—
Castillos
—
Imperial
—
| APM promedio | 19.8 |
| APM pico | 42 |
| eAPM promedio | 10.9 |
| Aldeanos / militares | 94 / 279 |
Foco
⚔️ 41.6% · 🌾 58.4%
Steppe Lancer ×144 · Mangudai ×124 · Trebuchet (Packed) ×8 · Spearman ×3
Feudal
—
Castillos
8:36
Imperial
20:20
| APM promedio | 15.0 |
| APM pico | 38 |
| eAPM promedio | 13.2 |
| Aldeanos / militares | 136 / 150 |
Foco
⚔️ 40.8% · 🌾 59.2%
Scorpion ×68 · Battle Elephant ×39 · Ballista Elephant ×38 · Monk ×2 · Scout Cavalry ×2 · Battering Ram ×1
Feudal
—
Castillos
8:44
Imperial
25:05
| APM promedio | 25.1 |
| APM pico | 106 |
| eAPM promedio | 21.9 |
| Aldeanos / militares | 122 / 467 |
Foco
⚔️ 40.7% · 🌾 59.3%
Militia ×267 · Scorpion ×139 · Spearman ×26 · Centurion ×20 · Battering Ram ×10 · Trade Cart ×8
Feudal
—
Castillos
—
Imperial
—
| APM promedio | 4.7 |
| APM pico | 34 |
| eAPM promedio | 3.3 |
| Aldeanos / militares | 10 / 36 |
Foco
⚔️ 52.0% · 🌾 48.0%
Scout Cavalry ×36
Mapa de la partida
Recursos iniciales + cada clic de construcción. Líneas = muros · curvas = relieve. ◆ oro · ⬟ piedra · ● bayas · ✦ reliquia · ◌ hueco del cierre
Tu base· Abierta — flanco sin cerrar
Base de Lears· Abierta — flanco sin cerrar
Base de demolitioN4916· Abierta — flanco sin cerrar
Base de · Abierta — hueco de 2t
Base de John Kennedy· Abierta — hueco de 6t
Base de Cartman AK-47· Abierta — hueco de 1t
Terreno inicial suavizado · ◌ = hueco del cierre detectado · pasá el cursor para detalles
Inputs por minuto
— [ApeX]Burnout - - Lears
Build order — [ApeX]Burnout
Primeras 150 de 240 acciones detectadas
| 0:10 | Crear | Villager (Male) ×4 |
| 0:48 | Construir | House |
| 0:53 | Construir | House |
| 0:54 | Construir | House |
| 1:06 | Construir | Mining Camp |
| 1:14 | Investigar | Double-Bit Axe |
| 1:26 | Construir | Barracks |
| 2:31 | Construir | Market |
| 2:42 | Crear | Villager (Male) |
| 2:43 | Crear | Villager (Male) |
| 2:43 | Crear | Villager (Male) |
| 3:48 | Construir | Mill |
| 4:28 | Construir | Farm |
| 4:29 | Construir | Farm |
| 4:31 | Construir | Farm |
| 4:32 | Construir | Farm |
| 4:59 | Investigar | Castle Age |
| 5:49 | Crear | Spearman ×5 |
| 5:57 | Construir | Watch Tower |
| 6:19 | Construir | Farm |
| 6:20 | Construir | Farm |
| 6:22 | Construir | Farm |
| 6:23 | Construir | Farm |
| 6:36 | Crear | Spearman |
| 7:20 | Investigar | Stone Mining |
| 7:33 | Crear | Villager (Male) ×5 |
| 7:39 | Edad | Edad de los Castillos |
| 7:45 | Construir | Lumber Camp |
| 8:14 | Investigar | Squires |
| 8:56 | Construir | Town Center |
| 9:04 | Construir | Town Center |
| 9:22 | Investigar | Pikeman (upgrade) |
| 10:33 | Crear | Spearman ×5 |
| 10:37 | Crear | Spearman ×5 |
| 11:48 | Crear | Villager (Male) ×5 |
| 12:26 | Investigar | Bow Saw |
| 12:33 | Construir | Lumber Camp |
| 12:59 | Crear | Villager (Male) ×5 |
| 13:09 | Construir | Farm |
| 13:10 | Construir | Farm |
| 13:14 | Construir | Farm |
| 13:22 | Crear | Villager (Male) ×2 |
| 14:08 | Construir | Farm |
| 14:09 | Construir | Farm |
| 14:11 | Construir | Farm |
| 14:22 | Construir | Town Center |
| 14:26 | Construir | Farm |
| 14:27 | Construir | Farm |
| 14:28 | Construir | Farm |
| 14:40 | Crear | Villager (Male) ×5 |
| 14:41 | Crear | Villager (Male) ×3 |
| 14:48 | Construir | Farm |
| 15:21 | Construir | House |
| 15:24 | Construir | House |
| 15:25 | Construir | House |
| 15:26 | Construir | House |
| 15:27 | Construir | House |
| 15:46 | Crear | Villager (Male) ×5 |
| 15:46 | Crear | Villager (Male) ×5 |
| 15:47 | Crear | Villager (Male) ×3 |
| 15:56 | Construir | Farm |
| 15:57 | Construir | Farm |
| 15:59 | Construir | Farm |
| 16:05 | Construir | Farm |
| 16:08 | Construir | Farm |
| 16:09 | Construir | Farm |
| 16:28 | Construir | Lumber Camp |
| 16:59 | Construir | Lumber Camp |
| 17:05 | Construir | Lumber Camp |
| 17:56 | Investigar | Gold Mining |
| 17:59 | Crear | Villager (Male) ×5 |
| 18:00 | Crear | Villager (Male) ×5 |
| 18:42 | Construir | Castle |
| 18:53 | Construir | Castle |
| 19:18 | Construir | Lumber Camp |
| 19:32 | Construir | Lumber Camp |
| 20:07 | Crear | Spearman ×5 |
| 20:08 | Crear | Spearman ×5 |
| 20:11 | Investigar | Imperial Age |
| 20:15 | Investigar | Town Watch |
| 20:28 | Construir | Farm |
| 20:29 | Construir | Farm |
| 20:35 | Construir | Farm |
| 20:37 | Construir | Farm |
| 20:43 | Crear | Villager (Male) ×5 |
| 20:43 | Crear | Villager (Male) |
| 20:44 | Crear | Villager (Male) |
| 21:07 | Construir | University |
| 21:38 | Construir | Archery Range |
| 21:39 | Construir | Archery Range |
| 21:43 | Construir | Archery Range |
| 21:45 | Construir | Archery Range |
| 21:48 | Construir | Archery Range |
| 21:52 | Construir | Archery Range |
| 22:02 | Construir | Mining Camp |
| 22:17 | Construir | Lumber Camp |
| 22:31 | Construir | Stable |
| 22:35 | Construir | Stable |
| 22:44 | Investigar | Fletching |
| 22:52 | Investigar | Elite Skirmisher (upgrade) |
| 23:21 | Edad | Edad Imperial |
| 23:30 | Investigar | Wheelbarrow |
| 23:31 | Crear | Villager (Male) ×5 |
| 23:32 | Crear | Villager (Male) ×5 |
| 23:33 | Crear | Villager (Male) ×5 |
| 23:43 | Construir | Mining Camp |
| 23:54 | Construir | Mining Camp |
| 24:05 | Construir | Mining Camp |
| 24:15 | Construir | Mining Camp |
| 24:26 | Construir | Mining Camp |
| 24:32 | Construir | Mining Camp |
| 24:46 | Construir | Mining Camp |
| 25:01 | Construir | Mining Camp |
| 26:03 | Investigar | Elite Centurion (upgrade) |
| 26:19 | Construir | Market |
| 26:20 | Construir | Market |
| 26:33 | Construir | Barracks |
| 26:35 | Construir | Barracks |
| 26:36 | Construir | Barracks |
| 26:55 | Crear | Skirmisher ×5 |
| 26:56 | Crear | Skirmisher ×5 |
| 26:57 | Crear | Skirmisher ×5 |
| 26:57 | Crear | Skirmisher ×5 |
| 27:09 | Construir | Mining Camp |
| 27:14 | Crear | Scout Cavalry |
| 27:16 | Crear | Scout Cavalry |
| 27:20 | Investigar | Husbandry |
| 27:23 | Investigar | Light Cavalry (upgrade) |
| 27:25 | Investigar | Bloodlines |
| 27:30 | Investigar | Forging |
| 27:31 | Investigar | Scale Barding Armor |
| 27:37 | Construir | House |
| 27:37 | Construir | House |
| 27:37 | Construir | House |
| 27:37 | Construir | House |
| 27:38 | Construir | House |
| 27:38 | Construir | House |
| 27:40 | Construir | House |
| 27:41 | Construir | House |
| 27:41 | Construir | House |
| 27:42 | Construir | House |
| 27:42 | Construir | House |
| 27:43 | Construir | House |
| 27:43 | Construir | House |
| 27:43 | Construir | House |
| 27:43 | Construir | House |
| 27:44 | Construir | House |
| 27:44 | Construir | House |
| 27:48 | Construir | Mill |
| 28:10 | Investigar | Ballistics |
Build order — Lears
Primeras 150 de 329 acciones detectadas
| 0:20 | Construir | Mill |
| 2:31 | Investigar | Castle Age |
| 2:51 | Investigar | Double-Bit Axe |
| 3:06 | Investigar | Horse Collar |
| 3:09 | Crear | Villager (Male) |
| 4:15 | Crear | Villager (Male) |
| 4:49 | Crear | Villager (Male) |
| 5:11 | Edad | Edad de los Castillos |
| 5:15 | Construir | Town Center |
| 5:18 | Construir | Town Center |
| 5:22 | Investigar | Heavy Plow |
| 5:28 | Construir | House |
| 5:30 | Construir | House |
| 6:06 | Construir | Farm |
| 6:07 | Construir | Farm |
| 6:08 | Construir | Farm |
| 6:08 | Construir | Farm |
| 6:09 | Construir | Farm |
| 6:10 | Construir | Farm |
| 6:11 | Construir | Farm |
| 6:17 | Crear | Villager (Male) |
| 6:17 | Crear | Villager (Male) |
| 6:42 | Crear | Villager (Male) ×5 |
| 6:43 | Crear | Villager (Male) ×3 |
| 6:43 | Crear | Villager (Male) ×3 |
| 6:55 | Construir | Farm |
| 6:56 | Construir | Farm |
| 6:56 | Construir | Farm |
| 6:57 | Construir | Farm |
| 7:04 | Crear | Villager (Male) ×2 |
| 7:23 | Construir | House |
| 7:25 | Construir | House |
| 7:26 | Construir | House |
| 7:27 | Construir | House |
| 7:29 | Construir | House |
| 7:31 | Construir | House |
| 7:37 | Crear | Villager (Male) ×3 |
| 7:43 | Construir | Farm |
| 7:44 | Construir | Farm |
| 7:51 | Construir | Farm |
| 7:55 | Crear | Villager (Male) ×2 |
| 8:09 | Construir | Palisade Wall |
| 8:14 | Crear | Villager (Male) ×3 |
| 8:20 | Construir | Farm |
| 8:23 | Construir | Farm |
| 8:24 | Construir | Farm |
| 8:24 | Construir | Farm |
| 8:44 | Construir | Palisade Wall |
| 8:48 | Construir | Palisade Wall |
| 8:50 | Construir | Palisade Wall |
| 8:51 | Construir | Palisade Wall |
| 8:52 | Construir | Palisade Wall |
| 9:05 | Crear | Villager (Male) ×5 |
| 9:06 | Crear | Villager (Male) |
| 9:21 | Investigar | Bow Saw |
| 9:30 | Construir | Farm |
| 9:38 | Construir | Stable |
| 9:41 | Construir | Stable |
| 9:46 | Crear | Villager (Male) ×3 |
| 10:07 | Construir | Farm |
| 10:12 | Crear | Villager (Male) ×5 |
| 10:20 | Construir | Stable |
| 10:26 | Construir | Stable |
| 10:46 | Construir | Farm |
| 10:47 | Construir | Farm |
| 10:47 | Construir | Farm |
| 10:48 | Construir | Farm |
| 11:09 | Crear | Villager (Male) ×5 |
| 11:54 | Construir | House |
| 11:58 | Construir | House |
| 11:59 | Construir | House |
| 12:01 | Construir | House |
| 12:02 | Construir | House |
| 12:04 | Construir | House |
| 12:33 | Construir | Barracks |
| 12:36 | Construir | Barracks |
| 12:38 | Construir | Barracks |
| 12:42 | Crear | Villager (Male) |
| 12:43 | Crear | Villager (Male) |
| 13:05 | Investigar | Imperial Age |
| 13:08 | Crear | Villager (Male) |
| 13:08 | Crear | Villager (Male) |
| 13:16 | Investigar | Gold Mining |
| 13:22 | Crear | Villager (Male) ×5 |
| 14:09 | Investigar | Light Cavalry (upgrade) |
| 14:11 | Investigar | Husbandry |
| 14:16 | Crear | Villager (Male) ×4 |
| 14:17 | Crear | Villager (Male) |
| 14:27 | Crear | Villager (Male) |
| 14:42 | Construir | Farm |
| 14:43 | Construir | Farm |
| 14:43 | Construir | Farm |
| 14:44 | Construir | Farm |
| 14:45 | Construir | Farm |
| 14:46 | Construir | Farm |
| 14:47 | Construir | Farm |
| 14:58 | Construir | House |
| 14:59 | Construir | House |
| 15:02 | Construir | House |
| 15:02 | Construir | House |
| 15:04 | Construir | House |
| 15:04 | Construir | House |
| 15:04 | Construir | House |
| 15:04 | Construir | House |
| 15:05 | Construir | House |
| 15:05 | Construir | House |
| 15:06 | Construir | House |
| 15:06 | Construir | House |
| 15:07 | Construir | House |
| 15:08 | Construir | House |
| 15:09 | Construir | House |
| 15:10 | Construir | House |
| 15:19 | Crear | Villager (Male) |
| 15:19 | Crear | Villager (Male) |
| 15:20 | Crear | Villager (Male) |
| 15:41 | Investigar | Pikeman (upgrade) |
| 15:57 | Construir | Barracks |
| 16:09 | Construir | Stable |
| 16:11 | Construir | Stable |
| 16:12 | Construir | Stable |
| 16:15 | Edad | Edad Imperial |
| 16:19 | Investigar | Hussar (upgrade) |
| 16:21 | Crear | Scout Cavalry ×5 |
| 16:21 | Crear | Scout Cavalry ×5 |
| 16:30 | Construir | Farm |
| 16:31 | Construir | Farm |
| 16:31 | Construir | Farm |
| 16:36 | Construir | Stable |
| 16:39 | Construir | Stable |
| 16:44 | Construir | Stable |
| 16:49 | Crear | Scout Cavalry ×4 |
| 17:06 | Crear | Scout Cavalry ×2 |
| 17:20 | Construir | Farm |
| 17:20 | Construir | Farm |
| 17:21 | Construir | Farm |
| 17:21 | Construir | Farm |
| 17:21 | Construir | Farm |
| 17:22 | Construir | Farm |
| 17:22 | Construir | Farm |
| 17:22 | Construir | Farm |
| 17:23 | Construir | Farm |
| 17:23 | Construir | Farm |
| 17:24 | Construir | Farm |
| 17:24 | Construir | Farm |
| 17:26 | Construir | Farm |
| 17:33 | Crear | Villager (Male) ×5 |
| 17:38 | Crear | Villager (Male) ×3 |
| 17:42 | Crear | Villager (Male) |
| 17:47 | Crear | Villager (Male) |
| 18:05 | Crear | Villager (Male) ×5 |
Build order — demolitioN4916
Primeras 150 de 323 acciones detectadas
| 0:02 | Crear | Villager (Male) |
| 0:10 | Crear | Villager (Male) |
| 0:11 | Crear | Villager (Male) |
| 0:11 | Crear | Villager (Male) |
| 0:35 | Construir | Farm |
| 0:36 | Construir | Farm |
| 0:53 | Crear | Villager (Male) |
| 1:03 | Construir | Farm |
| 1:04 | Construir | Farm |
| 1:07 | Construir | Farm |
| 1:10 | Crear | Villager (Male) |
| 1:10 | Crear | Villager (Male) |
| 1:32 | Construir | Stone Wall |
| 1:42 | Construir | House |
| 1:43 | Construir | House |
| 1:47 | Crear | Villager (Male) |
| 1:47 | Crear | Villager (Male) |
| 1:47 | Crear | Villager (Male) |
| 2:04 | Crear | Villager (Male) |
| 2:04 | Crear | Villager (Male) |
| 2:26 | Construir | Stone Wall |
| 2:34 | Crear | Spearman |
| 2:35 | Crear | Spearman |
| 2:35 | Crear | Spearman |
| 2:51 | Investigar | Double-Bit Axe |
| 3:11 | Construir | House |
| 3:11 | Construir | House |
| 3:12 | Construir | House |
| 3:28 | Construir | Mining Camp |
| 3:42 | Construir | Farm |
| 3:45 | Investigar | Horse Collar |
| 3:52 | Construir | Gate |
| 4:27 | Construir | Stone Wall |
| 4:36 | Crear | Villager (Male) |
| 4:37 | Crear | Villager (Male) |
| 4:37 | Crear | Villager (Male) |
| 4:37 | Crear | Villager (Male) |
| 4:46 | Construir | Farm |
| 4:47 | Construir | Farm |
| 4:49 | Construir | Farm |
| 4:51 | Construir | Farm |
| 4:59 | Construir | Mill |
| 5:12 | Construir | Stone Wall |
| 5:31 | Construir | Stone Wall |
| 5:38 | Construir | Stone Wall |
| 5:55 | Construir | Market |
| 6:02 | Construir | Stable |
| 6:08 | Investigar | Wheelbarrow |
| 6:43 | Construir | Stone Wall |
| 7:00 | Crear | Villager (Male) |
| 7:00 | Crear | Villager (Male) |
| 7:01 | Crear | Villager (Male) |
| 7:19 | Construir | Farm |
| 7:21 | Construir | Farm |
| 7:32 | Construir | Farm |
| 7:42 | Construir | Stone Wall |
| 7:56 | Investigar | Stone Mining |
| 8:38 | Construir | Stone Wall |
| 8:49 | Construir | Gate |
| 8:58 | Construir | Farm |
| 9:07 | Construir | Stone Wall |
| 9:37 | Investigar | Castle Age |
| 10:02 | Investigar | Gold Mining |
| 10:11 | Construir | Stable |
| 10:15 | Construir | Archery Range |
| 10:34 | Construir | Stone Wall |
| 10:44 | Construir | Mining Camp |
| 11:00 | Construir | Gate |
| 11:39 | Investigar | Bloodlines |
| 12:25 | Crear | Villager (Male) |
| 12:26 | Crear | Villager (Male) |
| 12:26 | Crear | Villager (Male) |
| 12:26 | Crear | Villager (Male) |
| 12:30 | Investigar | Bow Saw |
| 12:53 | Construir | Town Center |
| 13:15 | Construir | Castle |
| 13:26 | Crear | Villager (Male) |
| 13:26 | Crear | Villager (Male) |
| 13:26 | Crear | Villager (Male) |
| 13:54 | Crear | Steppe Lancer |
| 13:54 | Crear | Steppe Lancer |
| 13:54 | Crear | Steppe Lancer |
| 13:55 | Crear | Steppe Lancer |
| 13:55 | Crear | Steppe Lancer |
| 14:00 | Crear | Steppe Lancer |
| 14:00 | Crear | Steppe Lancer |
| 14:00 | Crear | Steppe Lancer |
| 14:45 | Construir | Town Center |
| 14:50 | Crear | Villager (Male) |
| 14:50 | Crear | Villager (Male) |
| 14:50 | Crear | Villager (Male) |
| 15:15 | Crear | Villager (Male) |
| 15:15 | Crear | Villager (Male) |
| 15:15 | Crear | Villager (Male) |
| 15:15 | Crear | Villager (Male) |
| 15:16 | Crear | Villager (Male) |
| 15:16 | Crear | Villager (Male) |
| 15:45 | Construir | Farm |
| 15:46 | Construir | Farm |
| 15:48 | Construir | Farm |
| 15:51 | Construir | Farm |
| 15:53 | Construir | Farm |
| 16:39 | Crear | Mangudai |
| 16:39 | Crear | Mangudai |
| 16:39 | Crear | Mangudai |
| 16:39 | Crear | Mangudai |
| 16:40 | Crear | Mangudai |
| 16:46 | Crear | Steppe Lancer ×5 |
| 16:47 | Crear | Steppe Lancer ×5 |
| 16:47 | Crear | Steppe Lancer ×5 |
| 16:47 | Crear | Steppe Lancer ×5 |
| 17:04 | Construir | Farm |
| 18:44 | Construir | Farm |
| 18:46 | Crear | Villager (Male) |
| 18:47 | Crear | Villager (Male) |
| 18:47 | Crear | Villager (Male) |
| 18:51 | Investigar | Hand Cart |
| 19:01 | Construir | Stone Wall |
| 19:11 | Crear | Villager (Male) |
| 19:11 | Crear | Villager (Male) |
| 19:11 | Crear | Villager (Male) |
| 19:11 | Crear | Villager (Male) |
| 19:12 | Crear | Villager (Male) |
| 19:12 | Crear | Villager (Male) |
| 19:32 | Construir | Farm |
| 19:33 | Construir | Farm |
| 19:35 | Construir | Farm |
| 19:42 | Construir | Farm |
| 19:45 | Construir | Farm |
| 19:50 | Crear | Villager (Male) |
| 19:50 | Crear | Villager (Male) |
| 19:50 | Crear | Villager (Male) |
| 19:50 | Crear | Villager (Male) |
| 20:01 | Construir | Mining Camp |
| 20:06 | Crear | Villager (Male) |
| 20:07 | Crear | Villager (Male) |
| 20:07 | Crear | Villager (Male) |
| 20:13 | Construir | House |
| 20:13 | Construir | House |
| 20:13 | Construir | House |
| 20:13 | Construir | House |
| 20:14 | Construir | House |
| 20:14 | Construir | House |
| 20:14 | Construir | House |
| 20:39 | Construir | Farm |
| 20:51 | Crear | Villager (Male) |
| 20:52 | Crear | Villager (Male) |
| 20:52 | Crear | Villager (Male) |
| 20:56 | Crear | Villager (Male) |
| 20:56 | Crear | Villager (Male) |
Build order —
Primeras 150 de 431 acciones detectadas
| 0:15 | Construir | Farm |
| 0:15 | Crear | Villager (Male) |
| 0:15 | Crear | Villager (Male) |
| 0:16 | Crear | Villager (Male) |
| 0:16 | Crear | Villager (Male) |
| 0:16 | Crear | Villager (Male) |
| 0:31 | Crear | Villager (Male) |
| 0:42 | Investigar | Double-Bit Axe |
| 0:44 | Crear | Villager (Male) |
| 0:56 | Crear | Villager (Male) |
| 0:56 | Crear | Villager (Male) |
| 1:27 | Construir | House |
| 1:29 | Construir | House |
| 1:36 | Investigar | Wheelbarrow |
| 1:38 | Crear | Villager (Male) |
| 1:39 | Crear | Villager (Male) |
| 1:39 | Crear | Villager (Male) |
| 1:58 | Investigar | Horse Collar |
| 2:20 | Construir | Stable |
| 2:30 | Construir | Farm |
| 3:18 | Construir | Stone Wall |
| 3:30 | Construir | Farm |
| 3:31 | Construir | Farm |
| 3:32 | Construir | Farm |
| 3:33 | Construir | Farm |
| 3:34 | Construir | Farm |
| 3:34 | Construir | Farm |
| 3:40 | Construir | Farm |
| 3:45 | Construir | Farm |
| 3:51 | Construir | Farm |
| 4:20 | Construir | Farm |
| 4:21 | Crear | Scout Cavalry |
| 4:22 | Crear | Scout Cavalry |
| 4:41 | Crear | Villager (Male) |
| 4:41 | Crear | Villager (Male) |
| 4:41 | Crear | Villager (Male) |
| 4:41 | Crear | Villager (Male) |
| 4:42 | Crear | Villager (Male) |
| 4:43 | Crear | Villager (Male) |
| 4:43 | Crear | Villager (Male) |
| 5:22 | Construir | Gate |
| 5:28 | Construir | Stone Wall |
| 5:39 | Investigar | Castle Age |
| 6:12 | Construir | Gate |
| 6:19 | Construir | Stone Wall |
| 6:23 | Construir | Stone Wall |
| 6:39 | Construir | Mining Camp |
| 7:55 | Construir | House |
| 8:36 | Edad | Edad de los Castillos |
| 8:45 | Construir | Town Center |
| 8:52 | Investigar | Hand Cart |
| 8:53 | Crear | Villager (Male) |
| 8:54 | Crear | Villager (Male) |
| 8:54 | Crear | Villager (Male) |
| 8:54 | Crear | Villager (Male) |
| 8:55 | Crear | Villager (Male) |
| 8:55 | Crear | Villager (Male) |
| 9:09 | Investigar | Gold Mining |
| 9:10 | Investigar | Stone Mining |
| 9:16 | Investigar | Stone Mining |
| 9:20 | Investigar | Bow Saw |
| 9:27 | Investigar | Heavy Plow |
| 9:31 | Crear | Battle Elephant |
| 9:32 | Crear | Battle Elephant |
| 9:33 | Crear | Battle Elephant |
| 9:34 | Crear | Battle Elephant |
| 9:35 | Crear | Battle Elephant |
| 9:36 | Crear | Battle Elephant |
| 10:06 | Crear | Villager (Male) |
| 10:06 | Crear | Villager (Male) |
| 10:06 | Crear | Villager (Male) |
| 10:07 | Crear | Villager (Male) |
| 10:07 | Crear | Villager (Male) |
| 10:17 | Construir | Farm |
| 10:41 | Construir | Monastery |
| 10:49 | Construir | Stone Wall |
| 11:29 | Investigar | Husbandry |
| 11:29 | Investigar | Bloodlines |
| 11:55 | Construir | House |
| 11:56 | Construir | House |
| 11:57 | Construir | House |
| 11:58 | Construir | House |
| 12:04 | Construir | Stone Wall |
| 12:32 | Crear | Villager (Male) |
| 12:32 | Crear | Villager (Male) |
| 12:33 | Crear | Villager (Male) |
| 12:33 | Crear | Villager (Male) |
| 12:33 | Crear | Villager (Male) |
| 12:36 | Crear | Villager (Male) |
| 12:40 | Crear | Villager (Male) |
| 13:13 | Crear | Monk |
| 13:47 | Crear | Villager (Male) |
| 13:48 | Crear | Villager (Male) |
| 13:48 | Crear | Villager (Male) |
| 13:48 | Crear | Villager (Male) |
| 13:48 | Crear | Villager (Male) |
| 13:49 | Crear | Villager (Male) |
| 13:49 | Crear | Villager (Male) |
| 14:04 | Construir | Stone Wall |
| 14:09 | Crear | Monk |
| 14:56 | Construir | Mining Camp |
| 14:57 | Crear | Villager (Male) |
| 15:04 | Construir | Farm |
| 15:05 | Construir | Farm |
| 15:27 | Construir | University |
| 15:54 | Crear | Battle Elephant |
| 15:54 | Crear | Battle Elephant |
| 15:55 | Crear | Battle Elephant |
| 15:55 | Crear | Battle Elephant |
| 16:01 | Construir | Stone Wall |
| 16:13 | Crear | Battle Elephant |
| 16:30 | Construir | Castle |
| 16:38 | Crear | Battle Elephant |
| 17:02 | Construir | Farm |
| 17:06 | Crear | Villager (Male) |
| 17:07 | Investigar | Imperial Age |
| 17:19 | Construir | House |
| 17:22 | Construir | House |
| 17:23 | Construir | House |
| 17:24 | Construir | House |
| 17:27 | Construir | House |
| 17:28 | Construir | House |
| 17:44 | Investigar | Gold Shaft Mining |
| 17:47 | Investigar | Stone Shaft Mining |
| 17:55 | Construir | Stone Wall |
| 18:18 | Investigar | Fortified Wall (upgrade) |
| 18:25 | Crear | Villager (Male) |
| 18:26 | Crear | Villager (Male) |
| 18:44 | Crear | Battle Elephant |
| 18:48 | Investigar | Tusk Swords |
| 18:50 | Crear | Ballista Elephant |
| 19:23 | Construir | Town Center |
| 19:44 | Construir | Stone Wall |
| 20:05 | Construir | Gate |
| 20:20 | Edad | Edad Imperial |
| 20:41 | Crear | Villager (Male) |
| 20:41 | Crear | Villager (Male) |
| 20:41 | Crear | Villager (Male) |
| 20:42 | Crear | Villager (Male) |
| 20:42 | Crear | Villager (Male) |
| 20:42 | Crear | Villager (Male) |
| 20:43 | Crear | Villager (Male) |
| 20:50 | Construir | Lumber Camp |
| 21:02 | Crear | Villager (Male) |
| 21:02 | Crear | Villager (Male) |
| 21:02 | Crear | Villager (Male) |
| 21:03 | Crear | Villager (Male) |
| 21:03 | Crear | Villager (Male) |
| 21:03 | Crear | Villager (Male) |
| 21:04 | Crear | Villager (Male) |
Build order — John Kennedy
Primeras 150 de 469 acciones detectadas
| 0:02 | Crear | Villager (Male) |
| 0:02 | Crear | Villager (Male) |
| 0:05 | Crear | Villager (Male) |
| 0:05 | Crear | Villager (Male) |
| 0:05 | Crear | Villager (Male) |
| 0:23 | Construir | Barracks |
| 0:32 | Construir | House |
| 0:33 | Construir | House |
| 0:35 | Construir | House |
| 0:45 | Construir | Watch Tower |
| 0:54 | Crear | Villager (Male) |
| 1:06 | Investigar | Man-at-Arms (upgrade) |
| 1:43 | Crear | Villager (Male) |
| 1:55 | Construir | Barracks |
| 1:59 | Investigar | Scale Mail Armor |
| 2:23 | Construir | Market |
| 2:25 | Crear | Villager (Male) |
| 2:35 | Crear | Militia |
| 2:35 | Crear | Militia |
| 2:41 | Crear | Militia |
| 2:42 | Crear | Militia |
| 2:49 | Crear | Villager (Male) |
| 2:57 | Construir | Mill |
| 3:07 | Crear | Militia ×2 |
| 3:07 | Crear | Militia ×2 |
| 3:33 | Crear | Villager (Male) |
| 3:36 | Construir | House |
| 3:40 | Crear | Militia ×2 |
| 3:40 | Crear | Militia ×3 |
| 3:41 | Crear | Militia |
| 3:41 | Crear | Militia |
| 3:59 | Construir | House |
| 4:01 | Construir | House |
| 4:04 | Crear | Villager (Male) |
| 4:04 | Crear | Villager (Male) |
| 4:32 | Crear | Villager (Male) |
| 4:34 | Crear | Villager (Male) |
| 4:52 | Construir | Barracks |
| 4:55 | Construir | Barracks |
| 5:14 | Construir | Mining Camp |
| 6:04 | Investigar | Castle Age |
| 6:04 | Investigar | Castle Age |
| 6:43 | Crear | Spearman ×5 |
| 6:43 | Crear | Spearman ×5 |
| 7:03 | Construir | Lumber Camp |
| 7:06 | Crear | Militia ×3 |
| 7:07 | Crear | Militia ×3 |
| 7:18 | Crear | Villager (Male) |
| 7:27 | Construir | Mill |
| 7:37 | Crear | Militia |
| 7:41 | Construir | House |
| 7:45 | Construir | House |
| 7:52 | Crear | Villager (Male) |
| 8:08 | Construir | Farm |
| 8:09 | Construir | Farm |
| 8:20 | Investigar | Forging |
| 8:35 | Construir | Watch Tower |
| 8:44 | Edad | Edad de los Castillos |
| 8:45 | Investigar | Long Swordsman (upgrade) |
| 8:57 | Construir | Mill |
| 9:16 | Investigar | Chain Mail Armor |
| 9:16 | Investigar | Chain Mail Armor |
| 9:16 | Investigar | Chain Mail Armor |
| 9:22 | Crear | Spearman |
| 9:22 | Crear | Spearman |
| 9:35 | Construir | Palisade Wall |
| 9:42 | Crear | Militia |
| 9:42 | Crear | Militia |
| 9:51 | Crear | Militia |
| 9:51 | Crear | Militia |
| 10:08 | Construir | Town Center |
| 10:16 | Crear | Villager (Male) |
| 10:16 | Crear | Villager (Male) |
| 10:16 | Crear | Villager (Male) |
| 10:50 | Crear | Militia ×2 |
| 10:50 | Crear | Militia ×2 |
| 10:50 | Crear | Militia ×2 |
| 11:07 | Crear | Militia |
| 11:08 | Crear | Militia |
| 11:08 | Crear | Militia |
| 11:18 | Crear | Villager (Male) |
| 11:18 | Crear | Villager (Male) |
| 11:18 | Crear | Villager (Male) |
| 11:54 | Crear | Spearman ×3 |
| 11:55 | Crear | Spearman ×3 |
| 12:17 | Crear | Militia ×3 |
| 12:18 | Crear | Militia ×3 |
| 12:23 | Crear | Villager (Male) |
| 12:23 | Crear | Villager (Male) |
| 12:24 | Crear | Villager (Male) |
| 12:28 | Construir | Town Center |
| 12:31 | Crear | Villager (Male) |
| 12:31 | Crear | Villager (Male) |
| 12:31 | Crear | Villager (Male) |
| 12:56 | Construir | Siege Workshop |
| 13:00 | Construir | Siege Workshop |
| 13:03 | Crear | Villager (Male) |
| 13:13 | Construir | Stone Wall |
| 13:18 | Crear | Villager (Male) |
| 13:19 | Crear | Villager (Male) |
| 13:22 | Crear | Villager (Male) |
| 13:23 | Crear | Villager (Male) |
| 13:27 | Crear | Villager (Male) |
| 13:27 | Crear | Villager (Male) |
| 13:27 | Crear | Villager (Male) |
| 13:35 | Crear | Battering Ram |
| 13:43 | Construir | Mill |
| 13:49 | Crear | Villager (Male) |
| 13:52 | Crear | Villager (Male) |
| 13:53 | Crear | Villager (Male) |
| 13:59 | Crear | Villager (Male) |
| 14:00 | Crear | Villager (Male) |
| 14:00 | Crear | Villager (Male) |
| 14:07 | Crear | Battering Ram |
| 14:10 | Crear | Battering Ram |
| 14:16 | Crear | Militia ×3 |
| 14:16 | Crear | Militia ×3 |
| 14:16 | Crear | Militia ×3 |
| 14:30 | Crear | Villager (Male) |
| 14:35 | Crear | Villager (Male) |
| 14:36 | Crear | Villager (Male) |
| 14:44 | Crear | Villager (Male) |
| 14:44 | Crear | Villager (Male) |
| 14:44 | Crear | Villager (Male) |
| 14:55 | Crear | Villager (Male) |
| 14:56 | Crear | Villager (Male) |
| 14:56 | Crear | Villager (Male) |
| 14:57 | Construir | Mill |
| 15:06 | Crear | Militia |
| 15:06 | Crear | Militia |
| 15:08 | Crear | Militia |
| 15:08 | Crear | Militia |
| 15:10 | Crear | Scorpion ×4 |
| 15:10 | Crear | Scorpion ×4 |
| 15:10 | Crear | Scorpion ×4 |
| 15:14 | Construir | House |
| 15:19 | Construir | House |
| 15:21 | Construir | House |
| 15:26 | Crear | Villager (Male) |
| 15:28 | Crear | Villager (Male) |
| 15:36 | Investigar | Wheelbarrow |
| 15:36 | Investigar | Wheelbarrow |
| 16:11 | Crear | Villager (Male) |
| 16:12 | Crear | Villager (Male) |
| 16:14 | Construir | Mill |
| 16:17 | Construir | Mill |
| 16:20 | Crear | Villager (Male) |
| 16:21 | Crear | Villager (Male) |
| 16:21 | Crear | Villager (Male) |
| 16:21 | Crear | Villager (Male) |
Build order — Cartman AK-47
54 acciones detectadas en el replay
| 0:09 | Crear | Villager (Male) |
| 0:09 | Crear | Villager (Male) |
| 0:56 | Investigar | Double-Bit Axe |
| 1:31 | Crear | Villager (Male) ×4 |
| 1:35 | Construir | Pasture |
| 1:35 | Construir | Pasture |
| 1:36 | Construir | Pasture |
| 1:37 | Construir | Pasture |
| 1:41 | Construir | Mill |
| 1:56 | Construir | Stable |
| 2:00 | Crear | Villager (Male) |
| 2:29 | Investigar | Tech 1014 |
| 2:42 | Construir | Stone Wall |
| 3:17 | Construir | House |
| 3:19 | Construir | House |
| 3:23 | Construir | Stable |
| 3:24 | Crear | Villager (Male) |
| 3:27 | Crear | Scout Cavalry |
| 3:27 | Crear | Scout Cavalry |
| 3:30 | Investigar | Forging |
| 3:35 | Construir | Stone Wall |
| 3:42 | Construir | Stone Wall |
| 4:17 | Construir | Stable |
| 4:22 | Investigar | Wheelbarrow |
| 4:30 | Crear | Scout Cavalry ×3 |
| 5:05 | Crear | Scout Cavalry ×2 |
| 5:10 | Construir | Pasture |
| 5:13 | Construir | Pasture |
| 5:42 | Investigar | Scale Barding Armor |
| 5:58 | Construir | Gate |
| 6:09 | Construir | Stone Wall |
| 6:17 | Crear | Scout Cavalry ×2 |
| 7:02 | Crear | Scout Cavalry ×3 |
| 7:06 | Crear | Villager (Male) |
| 7:09 | Construir | Pasture |
| 7:11 | Construir | Pasture |
| 7:25 | Construir | Pasture |
| 7:26 | Construir | Pasture |
| 7:30 | Crear | Villager (Male) |
| 7:50 | Construir | House |
| 7:50 | Construir | House |
| 7:51 | Construir | House |
| 7:51 | Construir | House |
| 7:51 | Construir | House |
| 8:09 | Crear | Scout Cavalry ×4 |
| 8:31 | Construir | Stable |
| 8:39 | Construir | Stable |
| 9:06 | Construir | Pasture |
| 9:09 | Crear | Scout Cavalry ×5 |
| 9:40 | Crear | Scout Cavalry ×4 |
| 10:36 | Crear | Scout Cavalry ×5 |
| 11:28 | Construir | Pasture |
| 11:53 | Crear | Scout Cavalry ×3 |
| 11:53 | Crear | Scout Cavalry ×3 |
Cronología de la partida
| 0:23 | John Kennedy · first_building Barracks |
| 1:26 | [ApeX]Burnout · first_building Barracks |
| 1:32 | demolitioN4916 · wall_segment Stone Wall x22 |
| 1:56 | Cartman AK-47 · first_building Stable |
| 2:20 | · first_building Stable |
| 2:26 | demolitioN4916 · wall_segment Stone Wall x7 |
| 2:42 | Cartman AK-47 · wall_segment Stone Wall x13 |
| 3:18 | · wall_segment Stone Wall x4 |
| 3:35 | Cartman AK-47 · wall_segment Stone Wall x9 |
| 3:42 | Cartman AK-47 · wall_segment Stone Wall x8 |
| 4:27 | demolitioN4916 · wall_segment Stone Wall x9 |
| 5:11 | Lears · age_up castle |
| 5:12 | demolitioN4916 · wall_segment Stone Wall x10 |
| 5:28 | · wall_segment Stone Wall x9 |
| 5:31 | demolitioN4916 · wall_segment Stone Wall x5 |
| 5:38 | demolitioN4916 · wall_segment Stone Wall x14 |
| 6:00 | John Kennedy · first_market_sell 100 wood |
| 6:01 | John Kennedy · first_market_buy 100 food |
| 6:02 | demolitioN4916 · first_building Stable |
| 6:09 | Cartman AK-47 · wall_segment Stone Wall x4 |
| 6:19 | · wall_segment Stone Wall x1 |
| 6:23 | · wall_segment Stone Wall x6 |
| 6:43 | demolitioN4916 · wall_segment Stone Wall x10 |
| 7:39 | [ApeX]Burnout · age_up castle |
| 7:42 | demolitioN4916 · wall_segment Stone Wall x18 |
| 8:09 | Lears · wall_segment Palisade Wall x5 |
| 8:36 | · age_up castle |
| 8:38 | demolitioN4916 · wall_segment Stone Wall x13 |
| 8:44 | Lears · wall_segment Palisade Wall x3 |
| 8:44 | John Kennedy · age_up castle |
| 8:48 | Lears · wall_segment Palisade Wall x6 |
| 8:50 | Lears · wall_segment Palisade Wall x3 |
| 8:51 | Lears · wall_segment Palisade Wall x6 |
| 8:52 | Lears · wall_segment Palisade Wall x3 |
| 9:07 | demolitioN4916 · wall_segment Stone Wall x8 |
| 9:35 | John Kennedy · wall_segment Palisade Wall x13 |
| 9:38 | Lears · first_building Stable |
| 10:15 | demolitioN4916 · first_building Archery Range |
| 10:34 | demolitioN4916 · wall_segment Stone Wall x16 |
| 10:41 | · first_building Monastery |
| 10:49 | · wall_segment Stone Wall x15 |
| 10:52 | [ApeX]Burnout · first_market_buy 100 stone |
| 12:04 | · wall_segment Stone Wall x1 |
| 12:30 | Cartman AK-47 · resign |
| 12:33 | Lears · first_building Barracks |
| 12:56 | John Kennedy · first_building Siege Workshop |
| 13:13 | John Kennedy · wall_segment Stone Wall x10 |
| 13:15 | demolitioN4916 · first_building Castle |
| 14:04 | · wall_segment Stone Wall x10 |
| 16:01 | · wall_segment Stone Wall x4 |
| 16:15 | Lears · age_up imperial |
| 16:22 | demolitioN4916 · first_market_sell 100 wood |
| 16:30 | · first_building Castle |
| 17:55 | · wall_segment Stone Wall x7 |
| 18:21 | John Kennedy · first_building Castle |
| 18:42 | [ApeX]Burnout · first_building Castle |
| 19:01 | demolitioN4916 · wall_segment Stone Wall x10 |
| 19:44 | · wall_segment Stone Wall x34 |
| 20:20 | · age_up imperial |
| 20:37 | demolitioN4916 · first_market_buy 100 wood |
| 21:38 | [ApeX]Burnout · first_building Archery Range |
| 22:31 | [ApeX]Burnout · first_building Stable |
| 22:53 | · wall_segment Stone Wall x2 |
| 23:21 | [ApeX]Burnout · age_up imperial |
| 25:00 | · first_building Siege Workshop |
| 25:05 | John Kennedy · age_up imperial |
| 25:52 | Lears · first_building Castle |
| 31:08 | [ApeX]Burnout · first_building Siege Workshop |
| 34:27 | John Kennedy · first_building Stable |
| 34:37 | Lears · first_market_sell 500 food |
| 39:53 | · first_market_sell 500 food |
| 41:10 | Lears · first_market_buy 100 wood |
| 44:50 | Lears · first_building Siege Workshop |
| 46:00 | · wall_segment Stone Wall x13 |
[ ANÁLISIS IA · 1 CRÉDITO ]
¿Qué pasó realmente en esta partida?
Wolo.gg analiza cada decisión: build order, eco, micro, errores típicos por bracket. Análisis personalizado por WhatsApp o Discord en 30 segundos.
Guía civ
Romanos
Perfil
Jugador #20648152